 Dungeon Crawl Stone Soup version 0.29.0-15-g675c0067aa (webtiles) character file.

Game seed: 2163287995846417183

3037 qw the Cleaver (level 9, -1/79 HPs)
             Began as a Minotaur Berserker on Sept 11, 2022.
             Was a Priest of Trog.
             Succumbed to a kobold brigand's poison
             ... on level 7 of the Dungeon.
             The game lasted 00:02:42 (7404 turns).

qw the Cleaver (Minotaur Berserker)                 Turns: 7404, Time: 00:02:43

Health: -1/79      AC: 25    Str: 26    XL:     9   Next: 56%
Magic:  8/8        EV:  5    Int:  4    God:    Trog [***...]
Gold:   361        SH:  0    Dex: 13    Spells: 8/8 levels left

rFire   + . .      SeeInvis .   Y - +0 war axe
rCold   . . .      Faith    .   (no shield)
rNeg    . . .      Spirit   .   d - +1 crystal plate armour "Wyt Emn" {Dex+3}
rPois   .          Reflect  .   (helmet restricted)
rElec   .          Harm     .   (no cloak)
rCorr   +          Rampage  .   p - +1 pair of gloves
Will    ++...                   k - +2 pair of boots
Stlth   ..........              (no amulet)
HPRegen 1.23/turn               h - ring of resist corrosion
MPRegen 0.11/turn               i - ring of protection from fire

@: lethally poisoned (-1 -> -4), about to teleport, strong-willed, regenerating
A: horns 2, retaliatory headbutt
a: Renounce Religion, Berserk, Trog's Hand


You were on level 7 of the Dungeon.
You worshipped Trog.
Trog was most pleased with you.
You visited 1 branch of the dungeon, and saw 7 of its levels.

You collected 361 gold pieces.


Innate Abilities, Weirdness & Mutations

You have a pair of horns on your head.
You reflexively headbutt those who attack you in melee.


   Skills:
 - Level 7.3 Fighting
 + Level 12.9 Axes
 - Level 8.0 Armour
 - Level 2.1 Dodging


You had 8 spell levels left.
You didn't know any spells.
Your spell library was empty.

Inventory:

Hand Weapons
 b - a +0 flail
 Y - a +0 war axe (weapon)
Armour
 d - the +1 crystal plate armour "Wyt Emn" (worn) {Dex+3}
   (You acquired it on level 1 of the Dungeon)

   Dex:       It affects your dexterity (+3).
 k - a +2 pair of boots (worn)
 p - a +1 pair of gloves (worn)
Jewellery
 h - a ring of resist corrosion (left hand)
 i - a ring of protection from fire (right hand)
Scrolls
 a - a scroll of identify
 r - 2 scrolls of teleportation
Potions
 c - a potion of might
 e - a potion of ambrosia {unknown}
 g - a potion of haste
 m - a potion of cancellation
 n - a potion of degeneration {unknown}
 o - a potion of flight {unknown}

Dungeon Overview and Level Annotations

Branches:
Dungeon (7/15)
 Temple: D:4-7

Altars:
Kikubaaqudgha
Okawaru


Message History

You are lethally poisoned!
7385 ||| DRINKING potion of curing.
You feel better.
7385 ||| (to cure poison)
The kobold brigand throws a poisoned dart.
The poisoned dart hits you!
You are poisoned.
You feel sick.
The kobold brigand throws a poisoned dart.
The poisoned dart hits you!
You are more poisoned.
You feel very sick.
You feel very sick.
You feel very sick.
You feel sick.
You feel sick.
You feel sick.
You feel sick.
You feel sick.
You feel sick.
The kobold brigand throws a poisoned dart.
The poisoned dart hits you!
You are lethally poisoned!
7397 ||| INVOKING Trog's Hand.
Your skin crawls.
You feel strong-willed.
You feel very sick.
You feel sick.
You feel sick.
You feel sick.
You feel sick.
You feel sick.
The kobold brigand throws a poisoned dart.
The poisoned dart hits you!
You are lethally poisoned!
There is a lethal amount of poison in your body!
There is a lethal amount of poison in your body!
7403 ||| READING 3 scrolls of teleportation.
As you read the scroll of teleportation, it crumbles to dust.
You feel strangely unstable.
You feel very sick.
You die...

#####
#...############
###..............#
#.......########.#
........# ##.#
#.......# #"@#
.......## #...#
###....### #¤¤¤#
#........# #¤¤0#
.........# #¤00#
#.####.#######.KK#
#.# #......¤.).K.
#.# ###..¤¤¤.)?..
#.# ##..0¤..$


You could see a kobold brigand and 2 kobolds.

Vanquished Creatures
  Grinder (D:3)
  Prince Ribbit (D:5)
  Sigmund (D:2)
  A water moccasin (D:6)
  3 orc warriors (D:6)
  3 black bears
  An ice beast (D:6)
  2 sky beasts (D:6)
  An ogre (D:4)
  A centaur (D:5)
  3 phantoms
  A kobold brigand (D:7)
  3 necrophages
  A gnoll sergeant (D:3)
  A scorpion (D:5)
  2 jellies
  A gnoll bouda (D:7)
  6 orc priests
  2 iguanas
  Ijyb (D:4)
  Terence (D:2)
  Natasha (D:2)
  5 orc wizards
  14 gnolls
  2 river rats (D:5)
  5 adders
  2 ufetubi (D:5)
  A worm (D:3)
  A dart slug (D:2)
  25 orcs
  6 endoplasms
  4 goblins
  A hobgoblin (D:4)
  4 quokkas
  9 ball pythons
  5 bats
  2 frilled lizards (D:3)
  4 kobolds
  10 rats
138 creatures vanquished.

Notes
Turn   | Place    | Note
-------+----------+-------------------------------------------
     0 | D:1      | qw the Minotaur Berserker began the quest for the Orb.
     0 | D:1      | Reached XP level 1. HP: 19/19 MP: 0/0
     0 | D:1      | 0 ||| qw: Version: 0.1-a-119-g272c26d
     0 | D:1      | 0 ||| qw: Game counter: 10631
     0 | D:1      | 0 ||| qw: Always use a shield: true
     0 | D:1      | 0 ||| qw: Do Orc after D:15 true
     0 | D:1      | 0 ||| qw: Do second Lair branch before Depths: true
     0 | D:1      | 0 ||| qw: Lair rune preference: random
     0 | D:1      | 0 ||| qw: Plans: Normal
     0 | D:1      | 0 ||| PLANNING D:1-11
    83 | D:1      | Reached skill level 4 in Axes
   400 | D:1      | Reached XP level 2. HP: 26/26 MP: 1/1
   416 | D:1      | 416 ||| DROPPING +0 club.
   784 | D:1      | 784 ||| UPGRADING to ring of resist corrosion.
   785 | D:1      | 785 ||| READING 2 scrolls labelled COOCKA BUONGYTH.
   786 | D:1      | 786 ||| READING scroll labelled XUADUI QIPRO.
   786 | D:1      | Identified a scroll of acquirement
   786 | D:1      | 786 ||| ACQUIRING +1 crystal plate armour "Wyt Emn" {Dex+3}
   786 | D:1      | Acquired the +1 crystal plate armour "Wyt Emn" {Dex+3}
   788 | D:1      | 788 ||| UPGRADING to +1 crystal plate armour "Wyt Emn"
                  | {Dex+3}.
   798 | D:1      | 798 ||| DROPPING +0 animal skin.
   799 | D:1      | 799 ||| DRINKING 3 amethyst potions.
   904 | D:1      | 904 ||| DROPPING 2 potions of berserk rage.
   926 | D:2      | 926 ||| INVOKING Berserk.
   929 | D:2      | Reached skill level 5 in Axes
   929 | D:2      | Reached XP level 3. HP: 31/31 MP: 2/2
   933 | D:2      | 933 ||| FLEEEEING.
   934 | D:2      | 934 ||| STAIRDANCE
  1067 | D:2      | 1067 ||| STAIRDANCE
  1072 | D:1      | 1072 ||| DROPPING +0 whip.
  1161 | D:2      | Noticed Sigmund
  1162 | D:2      | 1162 ||| Stepping ~*~*~tactically~*~*~ (hiding).
  1165 | D:2      | 1165 ||| INVOKING Berserk.
  1172 | D:2      | Killed Sigmund
  1173 | D:2      | Reached XP level 4. HP: 39/39 MP: 3/3
  1173 | D:2      | Reached XP level 5. HP: 45/45 MP: 4/4
  1293 | D:2      | Found an ancient bone altar of Kikubaaqudgha.
  1295 | D:2      | Noticed Terence
  1298 | D:2      | 1298 ||| INVOKING Berserk.
  1303 | D:2      | Killed Terence
  1415 | D:2      | Found a faded altar of an unknown god.
  1632 | D:2      | 1632 ||| Stepping ~*~*~tactically~*~*~ (hiding).
  1633 | D:2      | 1633 ||| Stepping ~*~*~tactically~*~*~ (hiding).
  1697 | D:2      | 1697 ||| Stepping ~*~*~tactically~*~*~ (stealth).
  1748 | D:2      | Noticed Natasha
  1750 | D:2      | 1750 ||| INVOKING Berserk.
  1751 | D:2      | Killed Natasha
  1752 | D:2      | Reached skill level 6 in Axes
  1752 | D:2      | Reached XP level 6. HP: 51/51 MP: 5/5
  2140 | D:2      | 2140 ||| UPGRADING to +2 pair of boots.
  2145 | D:2      | 2145 ||| UPGRADING to ring of protection from fire.
  2146 | D:2      | 2146 ||| READING scroll labelled WEEHIW JISU.
  2155 | D:3      | Noticed Grinder
  2156 | D:3      | 2156 ||| Stepping ~*~*~tactically~*~*~ (hiding).
  2159 | D:3      | 2159 ||| Stepping ~*~*~tactically~*~*~ (hiding).
  2161 | D:3      | 2161 ||| INVOKING Berserk.
  2167 | D:3      | Killed Grinder
  2168 | D:3      | Reached skill level 7 in Axes
  2345 | D:3      | 2345 ||| Stepping ~*~*~tactically~*~*~ (stealth).
  2456 | D:3      | Reached ** piety under Trog
  2610 | D:3      | 2610 ||| Stepping ~*~*~tactically~*~*~ (hiding).
  2611 | D:3      | 2611 ||| Stepping ~*~*~tactically~*~*~ (hiding).
  2612 | D:3      | 2612 ||| Stepping ~*~*~tactically~*~*~ (hiding).
  2616 | D:3      | 2616 ||| INVOKING Berserk.
  2619 | D:3      | Reached XP level 7. HP: 59/59 MP: 6/6
  2801 | D:3      | 2801 ||| INVOKING Berserk.
  2808 | D:3      | Reached skill level 8 in Axes
  3030 | D:3      | 3030 ||| Stepping ~*~*~tactically~*~*~ (stealth).
  3037 | D:3      | 3037 ||| Stepping ~*~*~tactically~*~*~ (stealth).
  3042 | D:3      | 3042 ||| Stepping ~*~*~tactically~*~*~ (stealth).
  3050 | D:3      | 3050 ||| Stepping ~*~*~tactically~*~*~ (stealth).
  3099 | D:3      | 3099 ||| INVOKING Berserk.
  3099 | D:3      | HP: 22/88 [gnoll/+2 spear of flaming (4)]
  3106 | D:3      | HP: 18/88 [gnoll/+0 spear (4)]
  3134 | D:3      | 3134 ||| Stepping ~*~*~tactically~*~*~ (stealth).
  3583 | D:3      | 3583 ||| READING 2 scrolls of identify.
  3583 | D:3      | 3583 ||| IDENTIFYING metallic black potion
  3642 | D:4      | Reached skill level 9 in Axes
  3657 | D:4      | Noticed Ijyb
  3658 | D:4      | 3658 ||| Stepping ~*~*~tactically~*~*~ (stealth).
  3663 | D:4      | 3663 ||| INVOKING Berserk.
  3677 | D:4      | Killed Ijyb
  3678 | D:4      | Reached skill level 6 in Armour
  4093 | D:4      | 4093 ||| UPGRADING to +0 pair of gloves.
  4098 | D:4      | 4098 ||| READING scroll labelled YGOLOCS WEJICS.
  4101 | D:4      | 4101 ||| DRINKING 2 puce potions.
  4119 | D:5      | Entered Level 5 of the Dungeon
  4120 | D:5      | 4120 ||| PLANNING SEWER
  4129 | D:5      | 4129 ||| INVOKING Berserk.
  4259 | D:5      | Reached XP level 8. HP: 66/68 MP: 7/7
  4295 | D:5      | 4295 ||| FLEEEEING.
  4296 | D:5      | 4296 ||| FLEEEEING.
  4298 | D:5      | 4298 ||| FLEEEEING.
  4299 | D:5      | 4299 ||| FLEEEEING.
  4420 | D:5      | 4420 ||| Stepping ~*~*~tactically~*~*~ (stealth).
  4422 | D:5      | 4422 ||| Stepping ~*~*~tactically~*~*~ (stealth).
  4488 | D:5      | Reached skill level 10 in Axes
  4512 | D:5      | Noticed Prince Ribbit
  4516 | D:5      | 4516 ||| INVOKING Berserk.
  4531 | D:5      | Killed Prince Ribbit
  4746 | D:5      | 4746 ||| RIP SEWER
  4765 | D:5      | 4765 ||| PLANNING D:1-11
  4819 | D:5      | 4819 ||| Stepping ~*~*~tactically~*~*~ (hiding).
  4828 | D:5      | Reached skill level 6 in Fighting
  4912 | D:5      | Reached *** piety under Trog
  5204 | D:5      | Identified the +8 long sword "Giantslayer" {vorpal, *Noise
                  | Int+4}
  5232 | D:5      | 5232 ||| DROPPING ring of magical power.
  5233 | D:5      | 5233 ||| READING scroll labelled ZUAFITW YLIEF.
  5234 | D:5      | 5234 ||| DRINKING 2 cyan potions.
  5282 | D:5      | 5282 ||| DRINKING 2 lumpy golden potions.
  5283 | D:5      | 5283 ||| DROPPING potion of lignification.
  5350 | D:6      | 5350 ||| INVOKING Berserk.
  5356 | D:6      | Reached skill level 11 in Axes
  5476 | D:6      | 5476 ||| INVOKING Berserk.
  5522 | D:6      | Reached XP level 9. HP: 68/75 MP: 8/8
  5581 | D:6      | 5581 ||| Stepping ~*~*~tactically~*~*~ (stealth).
  5583 | D:6      | 5583 ||| Stepping ~*~*~tactically~*~*~ (stealth).
  5591 | D:6      | 5591 ||| INVOKING Berserk.
  5744 | D:6      | 5744 ||| Stepping ~*~*~tactically~*~*~ (stealth).
  5922 | D:6      | 5922 ||| FLEEEEING.
  5923 | D:6      | 5923 ||| FLEEEEING.
  5924 | D:6      | 5924 ||| FLEEEEING.
  5925 | D:6      | 5925 ||| FLEEEEING.
  5926 | D:6      | 5926 ||| FLEEEEING.
  5927 | D:6      | 5927 ||| FLEEEEING.
  5928 | D:6      | 5928 ||| FLEEEEING.
  5929 | D:6      | 5929 ||| FLEEEEING.
  5930 | D:6      | 5930 ||| FLEEEEING.
  5931 | D:6      | 5931 ||| FLEEEEING.
  5932 | D:6      | 5932 ||| FLEEEEING.
  5933 | D:6      | 5933 ||| FLEEEEING.
  5935 | D:6      | 5935 ||| FLEEEEING.
  5936 | D:6      | 5936 ||| FLEEEEING.
  5937 | D:6      | 5937 ||| FLEEEEING.
  5938 | D:6      | 5938 ||| FLEEEEING.
  5939 | D:6      | 5939 ||| FLEEEEING.
  5940 | D:6      | 5940 ||| STAIRDANCE
  6025 | D:5      | 6025 ||| READING scroll labelled KONAT SUOKKO.
  6026 | D:5      | 6026 ||| READING scroll labelled RAT AWODURA.
  6027 | D:5      | 6027 ||| READING 3 scrolls of identify.
  6027 | D:5      | 6027 ||| IDENTIFYING sedimented dark potion
  6028 | D:5      | 6028 ||| READING 2 scrolls of identify.
  6028 | D:5      | 6028 ||| IDENTIFYING pink potion
  6029 | D:5      | 6029 ||| DROPPING potion of attraction.
  6032 | D:6      | 6032 ||| STAIRDANCE
  6040 | D:6      | 6040 ||| INVOKING Berserk.
  6080 | D:6      | 6080 ||| FLEEEEING.
  6081 | D:6      | 6081 ||| FLEEEEING.
  6082 | D:6      | 6082 ||| STAIRDANCE
  6087 | D:6      | Reached skill level 12 in Axes
  6130 | D:6      | 6130 ||| SWAPPING to +0 war axe.
  6132 | D:6      | 6132 ||| DROPPING +0 hand axe.
  6323 | D:6      | 6323 ||| READING scroll of enchant armour.
  6323 | D:6      | 6323 ||| ENCHANTING +0 pair of gloves.
  6397 | D:6      | Found an iron altar of Okawaru.
  6399 | D:6      | 6399 ||| Stepping ~*~*~tactically~*~*~ (stealth).
  6400 | D:6      | 6400 ||| INVOKING Berserk.
  6544 | D:6      | 6544 ||| INVOKING Berserk.
  6702 | D:6      | 6702 ||| READING scroll labelled QAORHU RUAZUJ.
  6866 | D:7      | 6866 ||| INVOKING Berserk.
  7085 | D:7      | 7085 ||| Stepping ~*~*~tactically~*~*~ (stealth).
  7086 | D:7      | 7086 ||| Stepping ~*~*~tactically~*~*~ (hiding).
  7091 | D:7      | 7091 ||| INVOKING Berserk.
  7106 | D:7      | 7106 ||| STAIRDANCE
  7326 | D:7      | HP: 17/79 [poisoned by a kobold brigand]
  7327 | D:7      | 7327 ||| DRINKING 3 potions of heal wounds.
  7343 | D:7      | HP: 19/79 [poisoned by a kobold brigand]
  7344 | D:7      | 7344 ||| DRINKING 2 potions of heal wounds.
  7358 | D:7      | HP: 17/79 [poisoned by a kobold brigand]
  7360 | D:7      | 7360 ||| DRINKING potion of heal wounds.
  7367 | D:7      | HP: 19/79 [poisoned by a kobold brigand]
  7369 | D:7      | 7369 ||| DRINKING 3 potions of curing.
  7369 | D:7      | 7369 ||| (to cure poison)
  7372 | D:7      | HP: 18/79 [poisoned by a kobold brigand]
  7377 | D:7      | HP: 8/79 [poisoned by a kobold brigand]
  7380 | D:7      | 7380 ||| DRINKING 2 potions of curing.
  7380 | D:7      | 7380 ||| (to cure poison)
  7382 | D:7      | HP: 15/79 [poisoned by a kobold brigand]
  7385 | D:7      | 7385 ||| DRINKING potion of curing.
  7385 | D:7      | 7385 ||| (to cure poison)
  7388 | D:7      | HP: 16/79 [poisoned by a kobold brigand]
  7393 | D:7      | HP: 7/79 [poisoned by a kobold brigand]
  7397 | D:7      | 7397 ||| INVOKING Trog's Hand.
  7397 | D:7      | HP: 3/79 [poisoned by a kobold brigand]
  7402 | D:7      | HP: 2/79 [poisoned by a kobold brigand]
  7403 | D:7      | 7403 ||| READING 3 scrolls of teleportation.
  7404 | D:7      | Succumbed to a kobold brigand's poison

Levels and vault maps discovered:
D:1:      heliophobic_arrival_dark_side_of_the_moon, layout_basic,
          serial_corexii_hall, chequers_hall_statues_y, chequers_hall_statues_y
D:2:      layout_basic, ebering_ecumenical_altar_hall, basic_altar,
          uniq_terence, uniq_natasha, uniq_sigmund
D:3:      layout_loops_ring, pf_guarded_unrand_woodcutter, uniq_grinder
D:4:      layout_rooms, uniq_ijyb
D:5:      layout_loops_cross, portal_sewer_entry_b, kennysheep_generic_room_8,
          uniq_prince_ribbit1
D:6:      layout_rooms, okawaru_trees_1
D:7:      layout_loops_ring, minmay_temple_entry_statues_fountains,
          serial_shops, shop, st_stairs_11, lemuel_flame_loot_1, uniq_joseph,
          uniq_pikel

Skill      XL: |  1  2  3  4  5  6  7  8  9 |
---------------+----------------------------+-----
Axes           | 4 5 6 7 9 11 12 | 12.9
Armour         | 5 6 8 |  8.0
Fighting       | 4 5 6 7 |  7.3
Dodging        | |  2.1

Action                   |  1- 3 |  4- 6 |  7- 9 || total
-------------------------+-------+-------+-------++-------
Melee: Hand axe          |    46 |    64 |   239 ||   349
       Headbutt          |     7 |    10 |    69 ||    86
       Punch             |       |     1 |     4 ||     5
       War axe           |       |       |    45 ||    45
Invok: Berserk           |     2 |     4 |    13 ||    19
       Trog's Hand       |       |       |     1 ||     1
  Use: Scroll            |     2 |     1 |    10 ||    13
       Potion            |     1 |       |     9 ||    10
Armor: Animal skin       |     2 |       |       ||     2
       Crystal plate arm |    17 |    34 |   191 ||   242
Dodge: Dodged            |    13 |    15 |    59 ||    87

Table legend:
 A = Non-vault XP
 B = Vault XP
 C = Vault XP percentage of total XP
 D = Non-vault monster count
 E = Vault monster count
 F = Vault count percentage of total count
                 A         B        C        D         E       F
            +---------+---------+-------+---------+---------+-------
      Total |    3264 |    1075 |  24.8 |     118 |      20 |  14.5
            +---------+---------+-------+---------+---------+-------
        D:1 |      22 |       0 |   0.0 |      14 |       0 |   0.0
        D:2 |      90 |     294 |  76.6 |      20 |       3 |  13.0
        D:3 |     140 |     455 |  76.5 |      21 |       9 |  30.0
        D:4 |     274 |      36 |  11.6 |       9 |       1 |  10.0
        D:5 |     668 |     290 |  30.3 |      19 |       7 |  26.9
        D:6 |    1619 |       0 |   0.0 |      26 |       0 |   0.0
        D:7 |     451 |       0 |   0.0 |       9 |       0 |   0.0
            +---------+---------+-------+---------+---------+-------
